 Dungeon Crawl Stone Soup version 0.24-a0-378-g94936e5 (webtiles) character file.

Game seed: 4380103372941575003

59 silenth the Cudgeler (level 3, 0/28 HPs)
             Began as a Demonspawn Gladiator on June 2, 2019.
             Succumbed to Jessica's poison
             ... on level 2 of the Dungeon.
             The game lasted 00:02:04 (1286 turns).

silenth the Cudgeler (Demonspawn Gladiator)         Turns: 1286, Time: 00:02:04

Health: 0/28       AC:  0    Str: 14    XL:     3   Next: 78%
Magic:  1/3        EV: 15    Int:  9    God:
Gold:   68         SH:  0    Dex: 15    Spells: 2/2 levels left

rFire    . . .     SeeInvis .   (weapon currently unavailable)
rCold    . . .     Gourm    .   (shield currently unavailable)
rNeg     . . .     Faith    .   (armour currently unavailable)
rPois    .         Spirit   +   (helmet currently unavailable)
rElec    .         Reflect  .   (cloak currently unavailable)
rCorr    .         Harm     .   (gloves currently unavailable)
MR       .....                  (boots currently unavailable)
Stlth    +.........             (no amulet)
HPRegen  0.09/turn              (ring currently unavailable)
MPRegen  0.08/turn              (ring currently unavailable)

@: lethally poisoned (0 -> -10), pig-form (expiring), very quick
A: small, magic shield
a: no special abilities


You were on level 2 of the Dungeon.
You were not hungry.
You were a filthy swine.
You visited 1 branch of the dungeon, and saw 2 of its levels.

You collected 68 gold pieces.

Inventory:

Hand Weapons
 a - a +0 flail (melded)
Missiles
 d - 2 throwing nets (quivered)
 f - 7 poisoned darts
Armour
 b - a +0 leather armour (melded)
 c - a +0 helmet
Scrolls
 g - a scroll of fear {unknown}
 h - a scroll of noise {unknown}
 j - a scroll of remove curse {unknown}
 l - a scroll of blinking {unknown}
 m - a scroll of magic mapping {unknown}
Potions
 i - a potion of lignification {unknown}
 k - a potion of flight {unknown}
Comestibles
 e - 5 rations


   Skills:
 + Level 2.9 Fighting
 - Level 3.7 Maces & Flails
 - Level 1.7 Throwing
 - Level 2.6 Dodging
 * Level 0.6 Unarmed Combat


You had 2 spell levels left.
You didn't know any spells.
Your spell library was empty.

Dungeon Overview and Level Annotations

Branches:
Dungeon (2/15)

Altars:

Annotations:
D:2 Jessica


Innate Abilities, Weirdness & Mutations

((You have a pair of small horns on your head.))
When hurt, damage is shared between your health and your magic reserves.


Message History

You hit Jessica but do no damage.
Jessica is severely wounded.
Jessica zaps a wand.
You hit Jessica but do no damage.
Jessica is severely wounded.
Your transformation is almost over.
Jessica hits you with a +0 dagger of venom.
You are poisoned.
You closely miss Jessica.
Jessica is severely wounded.
You feel sick. Jessica barely misses you.
You closely miss Jessica.
Jessica is severely wounded.
You feel sick. Jessica casts a spell at you. Pain shoots through your body!
* * * LOW HITPOINT WARNING * * *
You hit Jessica but do no damage.
Jessica is severely wounded.
You die...

#...# #........## #.
###.###.........##
#.#
#.....#.........##.#
#..####....#..#..#.#
#...# #.####..##...#
########.#.# #.#
..####.#
.........#.###.#
.......###
...#....##.##@.## ..
##....##
####.##.).h..#..##
#...#..#
#...##........#
#...##..
###........<..#
#.รท.###.
#...........###...#
##
##.###.......##....#
# ###..#
#.########.#..#
...####.# #.##..#
##...##..# ###.##.[#
#.#.##.##
###...##...#


You could see Jessica.

Vanquished Creatures
  An adder (D:2)
  An ooze (D:1)
  A worm (D:2)
  2 leopard geckos (D:1)
  6 bats
  2 giant cockroaches (D:1)
  7 hobgoblins
  2 kobolds (D:1)
  4 frilled lizards
  5 goblins
  12 rats
43 creatures vanquished.

Notes
Turn   | Place    | Note
-------+----------+-------------------------------------------
     0 | D:1      | silenth the Demonspawn Gladiator began the quest for the
                  | Orb.
     0 | D:1      | Reached XP level 1. HP: 16/16 MP: 1/1
    18 | D:1      | Reached skill level 3 in Maces & Flails
    31 | D:1      | Gained mutation: When hurt, damage is shared between your
                  | health and your magic reserves. [demonic ancestry]
    31 | D:1      | Reached XP level 2. HP: 14/22 MP: 2/2
   771 | D:1      | Gained mutation: You have a pair of small horns on your
                  | head. [demonic ancestry]
   771 | D:1      | Reached XP level 3. HP: 22/28 MP: 3/3
  1262 | D:2      | Noticed Jessica
  1285 | D:2      | HP: 1/28 [Jessica/nerve-wracking pain (12)]
  1286 | D:2      | Succumbed to Jessica's poison

Levels and vault maps discovered:
D:1:      onia_arrival_handbag, layout_basic, roderic_lattice_a,
          chequers_arboretum, minmay_hexomino_c4
D:2:      layout_rooms, uniq_jessica

Skill      XL: |  1 |
---------------+----+-----
Maces & Flails | 3 |  3.7
Fighting       | |  2.9
Throwing       | |  1.7
Dodging        | |  2.6
Unarmed Combat | |  0.6

Action                   || total
-------------------------++-------
Melee: Flail             ||    99
       Unarmed           ||    13
       Headbutt          ||     7
Throw: Throwing net      ||     1
 Stab: Sleeping          ||     1
  Eat: Chunk             ||     1
Armor: Leather armour    ||    34
Dodge: Dodged            ||    64

Table legend:
 A = Non-vault XP
 B = Vault XP
 C = Vault XP percentage of total XP
 D = Non-vault monster count
 E = Vault monster count
 F = Vault count percentage of total count
                 A         B        C        D         E       F
            +---------+---------+-------+---------+---------+-------
      Total |      66 |      19 |  22.4 |      34 |       9 |  20.9
            +---------+---------+-------+---------+---------+-------
        D:1 |      31 |      19 |  38.0 |      19 |       9 |  32.1
        D:2 |      35 |       0 |   0.0 |      15 |       0 |   0.0
            +---------+---------+-------+---------+---------+-------
